 Dungeon Crawl Stone Soup version 0.31-a0-437-g7cee417757 (webtiles) character file.

Game seed: 8869655587311800402

408 Ethylacetat the Insei (level 6, -9/34 HPs)
             Began as a Vine Stalker Monk on Aug 2, 2023.
             Mangled by an orc warrior
             ... wielding a +0 war axe
              (12 damage)
             ... on level 4 of the Dungeon.
             The game lasted 00:03:39 (2840 turns).

Ethylacetat the Insei (Vine Stalker Monk)           Turns: 2840, Time: 00:03:40

Health: -9/34      AC:  2    Str: 13    XL:     6   Next: 88%
Magic:  0/7        EV: 14    Int: 10    God:
Gold:   253        SH:  0    Dex: 19    Spells: 5/5 levels left

rFire   + . .        l - +2 dagger (drain)
rCold   + . .        c - orb {light}
rNeg    . . .        a - +0 robe
rPois   .            (no helmet)
rElec   .            f - scarf {rC+ rF+}
rCorr   .            (no gloves)
SInv    .            (no boots)
Will    .....        (no amulet)
Stlth   +            (no ring)
HPRegen 1.05/turn    (no ring)
MPRegen 0.10/turn

%: guardian spirit
@: glowing
A: fangs 2, regeneration 1, magic shield, antimagic bite, no potion heal 2
a: no special abilities


You were on level 4 of the Dungeon.
You visited 1 branch of the dungeon, and saw 4 of its levels.

You collected 253 gold pieces.

Inventory:

Hand Weapons
 l - a +2 dagger of draining (weapon)
Armour
 a - a +0 robe (worn)
 c - an orb of light (worn)
 f - a scarf of resistance (worn)
Scrolls
 e - a scroll of poison {unknown}
 h - 3 scrolls of fear {unknown}
 i - a scroll of blinking {unknown}
 j - 5 scrolls of identify {unknown}
 k - a scroll of vulnerability {unknown}
 o - a scroll of noise {unknown}
 q - a scroll of immolation {unknown}
 r - a scroll of teleportation {unknown}
 t - a scroll of fog {unknown}
Potions
 b - a potion of ambrosia
 g - a potion of magic {unknown}
 m - a potion of haste {unknown}
 n - a potion of brilliance {unknown}
 p - a potion of curing {unknown}
 s - a potion of mutation {unknown}


   Skills:
 + Level 4.5 Fighting
 + Level 4.0 Dodging
 + Level 4.9 Unarmed Combat


You had 5 spell levels left.
You didn't know any spells.
Your spell library was empty.

Dungeon Overview and Level Annotations

Branches:
Dungeon (4/15)
 Temple: D:4-7

Altars:
Cheibriados
Dithmenos
Okawaru
Vehumet

Shops:
D:4 :


Innate Abilities, Weirdness & Mutations

You have extremely sharp teeth.
Your natural rate of healing is unusually fast.
When hurt, damage is shared between your health and your magic reserves.
Your bite disrupts and absorbs the magic of your enemies.
Potions cannot restore your health.


Message History

The orc priest moves out of view.
An orc warrior comes into view. It is wielding a +0 war axe.
An orc comes into view. It is wielding a +0 whip.
The orc warrior shouts!
The orc shouts!
You hear a shout! x2
The orc warrior unwields a +0 war axe.
The orc warrior wields a +2 orcbow of electrocution.
You hear the crackle of electricity.
The orc warrior shoots an arrow.
The arrow hits you!!
There is an entrance to Muipek's Book Emporium here.
The orc warrior shoots an arrow.
The arrow barely misses you.
The orc warrior shoots an arrow.
The arrow hits you!
You hear a shout!
You are too injured to fight recklessly!
You are too injured to fight recklessly!
Okay, then.
The orc warrior unwields a +2 orcbow of electrocution.
It stops crackling.
The orc warrior wields a +0 war axe.
The orc warrior closely misses you.
You hit the orc warrior but do no damage.
You drain the orc warrior.
The orc warrior is lightly wounded.
The orc warrior barely misses you.
You hit the orc warrior.
The orc warrior is lightly wounded.
The orc warrior closely misses you.
You barely miss the orc warrior.
The orc warrior is lightly wounded.
The orc warrior hits you with a +0 war axe!
* * * LOW HITPOINT WARNING * * *
Unknown command.
You hit the orc warrior. You drain the orc warrior.
You bite the orc warrior, but do no damage.
The orc warrior is moderately wounded.
The orc warrior closely misses you.
You hit the orc warrior but do no damage.
You bite the orc warrior. You drain its power.
You feel invigorated.
The orc warrior is heavily wounded.
The orc warrior hits you with a +0 war axe!
You die...

#....##.#
#.##.##.#
#.##.##.#
#.#..##.#
#.#.###.# #.#.#
#.# # #.#.###.#
#o#######.#.....#
#oo@...∩..#######
###########


You could see an orc warrior (very drained), an orc priest and an orc.

Vanquished Creatures
  Duvessa (D:4)
  A phantom (D:3)
  A scorpion (D:3)
  Dowan (D:4)
  Crazy Yiuf (D:3)
  4 adders
  2 worms
  3 dart slugs
  2 orcs (D:3)
  6 bats
  2 endoplasms
  2 giant cockroaches (D:1)
  7 goblins
  8 hobgoblins
  3 kobolds
  2 quokkas
  4 ball pythons
  3 frilled lizards
  7 rats
60 creatures vanquished.

Notes
Turn   | Place    | Note
-------+----------+-------------------------------------------
     0 | D:1      | Ethylacetat the Vine Stalker Monk began the quest for the
                  | Orb.
     0 | D:1      | Reached XP level 1. HP: 11/11 MP: 2/2
    73 | D:1      | Reached XP level 2. HP: 14/16 MP: 1/3
   378 | D:1      | You fall into a shaft and drop 1 floor!
   517 | D:1      | Reached XP level 3. HP: 20/20 MP: 4/4
  1394 | D:2      | Gained mutation: Your natural rate of healing is unusually
                  | fast. [Vine Stalker growth]
  1394 | D:2      | Reached XP level 4. HP: 24/24 MP: 5/5
  1764 | D:3      | Found a runed translucent door.
  1765 | D:3      | Noticed Crazy Yiuf
  1980 | D:3      | Found a radiant altar of Vehumet.
  2054 | D:3      | Noticed a phantom
  2079 | D:3      | Killed a phantom
  2080 | D:3      | Reached XP level 5. HP: 20/29 MP: 6/6
  2186 | D:3      | Found a snail-covered altar of Cheibriados.
  2348 | D:3      | Found a shadowy altar of Dithmenos.
  2351 | D:3      | Found an iron altar of Okawaru.
  2379 | D:3      | Reached XP level 6. HP: 30/33 MP: 7/7
  2614 | D:3      | Killed Crazy Yiuf
  2733 | D:4      | Noticed Duvessa
  2733 | D:4      | Noticed Dowan
  2744 | D:4      | Killed Duvessa
  2754 | D:4      | Killed Dowan
  2829 | D:4      | Found Muipek's Book Emporium.
  2830 | D:4      | Noticed an orc warrior
  2838 | D:4      | HP: 1/34 [orc warrior/+0 war axe (14)]
  2840 | D:4      | Mangled by an orc warrior

Illustrated notes

Levels and vault maps discovered:
D:1:      dpeg_arrival_short_road, layout_rooms
D:2:      layout_loops_cross, serial_forest, infiniplex_forest_lined_room_,
          infiniplex_forest_clump_curved, infiniplex_forest_straight_3,
          infiniplex_forest_clump_curved, infiniplex_forest_end_2,
          infiniplex_forest_corner_1, infiniplex_forest_end_1,
          infiniplex_forest_lined_room_2, infiniplex_forest_lined_4_way,
          infiniplex_forest_clump_double, minmay_fountain_box
D:3:      layout_loops_corners, amcnicky_altar_gilded, lemuel_doored_altar,
          nicolae_overflow_squiral, uniq_crazy_yiuf_cottage
D:4:      layout_basic, gammafunk_temple_overflow_pools, temple_green,
          serial_shops, shop, uniq_natasha, uniq_eustachio, uniq_duvessa

Skill      XL: |  1  2  3  4  5  6 |
---------------+-------------------+-----
Fighting       | 3 4 |  4.5
Dodging        | 3 4 |  4.0
Unarmed Combat | 4 |  4.9

Action                     |  1- 3 |  4- 6 || total
---------------------------+-------+-------++-------
  Melee: Unarmed           |    75 |       ||    75
         Bite              |    25 |    32 ||    57
         Dagger            |    14 |    98 ||   112
    Use: Potion            |       |     1 ||     1
 Armour: Robe              |    11 |    15 ||    26
  Dodge: Dodged            |    48 |    54 ||   102

Table legend: (Time is in decaauts)
 A = Elapsed time spent in this place.
 B = Non-inter-level travel time spent in this place.
 C = Inter-level travel time spent in this place.
 D = Time resting spent in this place.
 E = Time spent auto-exploring this place.
 F = Levels seen in this place.
 G = Mean time per level.
                   A        B        C        D        E       F      G
               +--------+--------+--------+--------+--------+-----+--------+
         Total |   2835 |   2722 |    113 |      0 |   2275 |   4 |  708.8 |
       Dungeon |   2835 |   2722 |    113 |      0 |   2275 |   4 |  708.8 |
               +--------+--------+--------+--------+--------+-----+--------+

Top non-repeatable levels by time:
     D:2: 1028 daAuts
     D:3: 1015 daAuts
     D:1: 604 daAuts
     D:4: 186 daAuts
